 Dungeon Crawl Stone Soup version 0.21-a0-140-g479285b (webtiles) character file.

244 sscrono2 the Insei (level 6, -1/73 HPs)
             Began as a Gnoll Monk on July 19, 2017.
             Slain by Duvessa
             ... wielding a +1 short sword of speed
              (13 damage)
             ... on level 4 of the Dungeon.
             The game lasted 00:06:19 (5005 turns).

sscrono2 the Insei (Gnoll Monk)                     Turns: 5005, Time: 00:06:20

Health: -1/73      AC:  6    Str:  7    XL:     6   Next: 10%
Magic:  6/6        EV:  8    Int:  7    God:
Gold:   43         SH:  0    Dex:  7    Spells: 5/5 levels left

rFire    . . .     SeeInvis .     - Unarmed
rCold    . . .     Gourm    .   (no shield)
rNeg     . . .     Faith    .   i - +0 scale mail
rPois    .         Spirit   .   (no helmet)
rElec    .         Reflect  .   (no cloak)
rCorr    .         Harm     .   (no gloves)
MR       .....                  (no boots)
Stlth    ..........             d - amulet of rage
HPRegen  0.22/turn              (no ring)
MPRegen  0.10/turn              (no ring)

@: berserking (expiring), very quick
A: unchanging attributes, fangs 1, strong nose
a: Evoke Berserk Rage


You were on level 4 of the Dungeon.
You were not hungry.

You visited 1 branch of the dungeon, and saw 4 of its levels.

You collected 43 gold pieces.

Inventory:

Armour
 i - a +0 scale mail (worn)
Jewellery
 d - an amulet of rage (around neck)
 h - an uncursed ring of ice
 k - an uncursed amulet of faith
Scrolls
 a - 2 scrolls of teleportation
 e - a scroll of identify
 f - a scroll of fog {unknown}
 g - a scroll of recharging
 p - a scroll of fear {unknown}
Potions
 j - a potion of heal wounds
Books
 n - a book of Minor Magic

   Spells                             Type                      Level
   a - Magic Dart                     Conjuration                  1
   b - Blink                          Translocation                2
   c - Call Imp                       Summoning                    2
   d - Slow                           Hexes                        2
   e - Conjure Flame                  Conjuration/Fire             3
   f - Mephitic Cloud                 Conjuration/Poison/Air       3
Comestibles
 b - 4 chunks of flesh
 c - a fruit
 o - a bread ration
 q - a meat ration


   Skills:
 + Level 4.7 Fighting
 * Level 3.2 Armour
 * Level 5.9 Dodging
 - Level 2.4 Stealth
 * Level 6.1 Unarmed Combat


You had 5 spell levels left.
You didn't know any spells.

Dungeon Overview and Level Annotations

Branches:
Dungeon (4/15)
 Temple: D:4-7

Altars:
Ashenzari
Elyvilon
Fedhas
Hepliaklqana
Kikubaaqudgha
Makhleb
Zin

Annotations:
D:4 Duvessa


Innate Abilities, Weirdness & Mutations

Your physical attributes are unchanging.
You have very sharp teeth.
Your uncanny sense of smell can sniff out nearby items.


Message History

Duvessa is moderately wounded.
Duvessa hits you with a short sword of speed.
You hit Duvessa.
Duvessa is heavily wounded.
Duvessa hits you with a short sword of speed.
Your scale mail prevents you from hitting Duvessa.
Duvessa is heavily wounded.
Duvessa hits you with a short sword of speed.
You closely miss Duvessa.
Duvessa is heavily wounded.
Duvessa hits you with a short sword of speed!
* * * LOW HITPOINT WARNING * * *
You punch Duvessa!
Duvessa is severely wounded.
Duvessa hits you with a short sword of speed!
* * * LOW HITPOINT WARNING * * *
You barely miss Duvessa.
Duvessa is severely wounded.
Duvessa hits you with a short sword of speed!
You die...

. ∆ ...... #.
..... #..# ....
#..# ... #..##..
#...S. . ..#e#
...####.#@# .
........#.##....
.......<.....#
...........###
............#
..#.....#...#
...##.........
.. ........... .
.#...........


You could see Duvessa (berserk) and an adder.

Vanquished Creatures
  Dowan (D:4)
  7 adders
  4 gnolls (D:2)
  3 worms
  2 dart slugs
  4 leopard geckos
  3 orcs (D:3)
  2 ball pythons
  4 giant cockroaches
  2 goblins
  8 hobgoblins
  4 jackals (D:1)
  10 bats
  5 frilled lizards
  A jackal skeleton (D:2)
  12 kobolds
  4 rats
76 creatures vanquished.

Notes
Turn   | Place    | Note
-------+----------+-------------------------------------------
     0 | D:1      | sscrono2 the Gnoll Monk began the quest for the Orb.
     0 | D:1      | Reached XP level 1. HP: 19/19 MP: 1/1
    45 | D:1      | Reached skill level 1 in Armour
    61 | D:1      | Reached XP level 2. HP: 12/25 MP: 2/2
   748 | D:1      | Reached XP level 3. HP: 30/30 MP: 3/3
  1316 | D:2      | HP: 1/30 [gnoll/club (5)]
  1317 | D:2      | Reached skill level 5 in Unarmed Combat
  1317 | D:2      | Reached XP level 4. HP: 1/37 MP: 4/4
  2208 | D:2      | Reached skill level 5 in Dodging
  3002 | D:2      | Reached XP level 5. HP: 26/43 MP: 5/5
  4583 | D:3      | Found a white marble altar of Elyvilon.
  4585 | D:3      | Found an ancient bone altar of Kikubaaqudgha.
  4585 | D:3      | Found a glowing silver altar of Zin.
  4585 | D:3      | Found a hazy altar of Hepliaklqana.
  4587 | D:3      | Found a burning altar of Makhleb.
  4587 | D:3      | Found a blossoming altar of Fedhas.
  4588 | D:3      | Found a shattered altar of Ashenzari.
  4983 | D:4      | Noticed Dowan
  4985 | D:4      | Noticed Duvessa
  4992 | D:4      | Killed Dowan
  4992 | D:4      | Reached skill level 6 in Unarmed Combat
  4992 | D:4      | Reached XP level 6. HP: 49/49 MP: 6/6
  5005 | D:4      | Slain by Duvessa

Vault maps used:
D:1:      dpeg_arrival_arbitrary_c
D:2:      serial_co_window_serial, co_window_paths_b, co_window_paths_a,
          co_window_paths_a, co_window_paths_a, co_window_paths_a,
          co_window_of_opportunity_c, co_window_paths_c, co_window_broadway_c,
          co_window_sun, co_window_paths_d, glass_columns_a, glass_columns_c,
          glass_columns_c, first_bread
D:3:      grunt_temple_overflow_open
D:4:      serial_shops, nicolae_shop_stone, minmay_ruptured, uniq_duvessa

Skill      XL: |  1  2  3  4  5 |
---------------+----------------+-----
Armour         | 1 2 3 |  3.2
Unarmed Combat | 5 6 |  6.1
Dodging        | 5 |  5.9
Fighting       | |  4.7
Stealth        | |  2.4

Action                   |  1- 3 |  4- 6 || total
-------------------------+-------+-------++-------
Melee: Unarmed           |   166 |   294 ||   460
       Bite              |     2 |    14 ||    16
 Abil: Evoke Berserk Rag |       |     3 ||     3
  Use: Potion            |     1 |     2 ||     3
       Scroll            |       |     4 ||     4
 Stab: Sleeping          |     5 |       ||     5
  Eat: Chunk             |     1 |     9 ||    10
       Bread ration      |       |     2 ||     2
Armor: Robe              |    25 |    11 ||    36
       Scale mail        |       |    95 ||    95
Dodge: Dodged            |   126 |   109 ||   235
Block: Buckler           |       |     2 ||     2
